[Event "*** Titled Tuesday Blitz"]
[Site "Chess.com"]
[Date "2020.05.19"]
[Round "6"]
[White "Nayemhaque22"]
[Black "hypert"]
[Result "1-0"]
[WhiteElo "2188"]
[BlackElo "2364"]
[TimeControl "180+1"]
[EndTime "13:10:04 PDT"]
[Termination "Nayemhaque22 won by resignation"]

1. e4 c5 2. Nf3 Nc6 3. Bb5 e6 4. O-O Nge7 5. Bxc6 Nxc6 6. d4 cxd4 7. Nxd4 Qc7 8. Nc3 a6 9. Be3 Bd6 10. h3 Be5 11.
Qd2 O-O 12. Rad1 b5 13. f4 Bxd4 14. Bxd4 Nxd4 15. Qxd4 f5 16. Nd5 Qxc2 17. exf5 Bb7 18.
fxe6 dxe6 19. Rd2 Qc4 20. Qxc4 bxc4 21. Nb6 Rad8 22. Nxc4 Rxd2 23. Nxd2 Rc8 24. Rf2 Rc1+ 25. Kh2 Bd5 26. b3 Rc2 27. f5 exf5 28. Kg3 g6 29. Nf3 Rc3 30. Rd2 Be4 31. Kf4 a5 32. Ng5 h6 33.
Nxe4 fxe4 34. Kxe4 a4 35. bxa4 Ra3 36. Kd4 Kf7 37.
Kc4 Rxa4+ 38. Kb5 Ra3 39. Kb4 Ra8 40. a4 Rb8+ 41. Ka3 Ra8 42. Rd5 Ke6 43. Rb5 Kd6 44.
Rb6+ Kc5 45. Rxg6 Rh8 46. h4 h5 47. Rg5+ Kc4 48. a5 Rh6 49. Ka4 Rh8 50. Rb5 Rg8 51.
Rb4+ Kc5 52. Rb5+ Kc4 53. Rg5 Rh8 54. a6 Rh6 55. Ka5 Kb3 56. a7 Rh8 57. Rb5+ 1-0

[Event "*** Titled Tuesday Blitz"]
[Site "Chess.com"]
[Date "2020.05.19"]
[Round "6"]
[White "Sychev_Klementy"]
[Black "gilbert_gm"]
[Result "1-0"]
[WhiteElo "2833"]
[BlackElo "2601"]
[TimeControl "180+1"]
[EndTime "13:10:06 PDT"]
[Termination "Sychev_Klementy won by checkmate"]

1. e4 c6 2. d4 d5 3. e5 Bf5 4.
Nf3 e6 5. Be2 Nd7 6. O-O Bg6 7.
a4 a6 8. a5 h6 9. c3 Ne7 10. b4 Nf5 11. Na3 Be7 12. Nc2 Bh7 13.
Bd3 g5 14. g4 Ng7 15. Bxh7 Rxh7 16. Qd3 Nf8 17. Nfe1 h5 18. h3 Ng6 19. Ng2 hxg4 20. hxg4 Qd7 21. f4 gxf4 22. Bxf4 O-O-O 23. Bg3 Bg5 24. Rf3 Rdh8 25. Raf1 Ne8 26. Nce3 Rh1+ 27. Kf2 Rxf1+ 28. Qxf1 f6 29. Ke2 fxe5 30. Rf7 Qd8 31. dxe5 Nc7 32. Rg7 Rg8 33. Qf7 Rxg7 34. Qxg7 Qe8 35.
Ne1 Nb5 36. Kd3 Bxe3 37. Kxe3 Nxc3 38. Nd3 Ne4 39. Nc5 Nxc5 40. bxc5 Nf8 41. Bh4 Nd7 42. Be7 b6 43. axb6 a5 44. Kd4 Kb7 45. Bd6 a4 46. Kc3 d4+ 47. Kxd4 a3 48. Kc3 a2 49. Kb2 Ka6 50.
Kxa2 Kb5 51. b7 Nxc5 52. b8=Q+ Qxb8 53. Bxb8 Nd3 54. Qd7 Nb4+ 55. Kb3 Nd5 56. Qb7+ Kc5 57. Ba7+ Nb6 58. Qxb6+ Kd5 59. Qd4# 1-0

[Event "*** Titled Tuesday Blitz"]
[Site "Chess.com"]
[Date "2020.05.19"]
[Round "6"]
[White "realmadridtv"]
[Black "DaggiGretarsson"]
[Result "0-1"]
[WhiteElo "2472"]
[BlackElo "2618"]
[TimeControl "180+1"]
[EndTime "13:10:06 PDT"]
[Termination "DaggiGretarsson won on time"]

1. d4 g6 2. e4 Bg7 3. Nc3 d6 4. Nf3 a6 5. Be3 b5 6. Qd2 Nd7 7. a3 Bb7 8. h4 h6 9. Bd3 e6 10.
d5 e5 11. h5 g5 12. Ne2 f5 13. exf5 Bxd5 14. f6 Ngxf6 15. Bg6+ Kf8 16. Ng3 Be6 17. O-O-O a5 18. Nxg5 hxg5 19. Bxg5 Bf7 20. Bf5 Rg8 21. h6 Bh8 22. h7 Rg7 23. Ne4 Nxe4 24. Bxe4 Qxg5 25.
Bxa8 Qxd2+ 26. Rxd2 Nf6 27. g3 Bg6 28. Bc6 b4 29.
axb4 axb4 30. c3 b3 31. Kd1 Bxh7 32. Rh4 Ke7 33. Rb4 Bc2+ 34. Ke2 Rh7 35. Rb7 Ke6 36. Ba4 Ne4 37. Rxc2 bxc2 38. Bxc2 d5 39. c4 Rh2 40. cxd5+ Kxd5 41. Bxe4+ Kxe4 42. Rxc7 Kd5 43. Rc2 e4 44. Rd2+ Bd4 45. Rc2 Rxf2+ 46. Kd1 Rf1+ 47. Ke2 Rg1 48. Rc8 Rg2+ 49. Kf1 Rxb2 50. Rd8+ Kc4 51. Rc8+ Kd3 52. g4 e3 53. Re8 e2+ 54. Kg2 Rb1 0-1

[Event "*** Titled Tuesday Blitz"]
[Site "Chess.com"]
[Date "2020.05.19"]
[Round "6"]
[White "Koalaskakistis"]
[Black "vovachesss"]
[Result "0-1"]
[WhiteElo "2474"]
[BlackElo "2623"]
[TimeControl "180+1"]
[EndTime "13:10:07 PDT"]
[Termination "vovachesss won on time"]

1. f4 e5 2. fxe5 d6 3. exd6 Bxd6 4. Nf3 g5 5. g3 g4 6. Nh4 Ne7 7. d4 Ng6 8. Nxg6 hxg6 9. Qd3 Qe7 10. Bg2 c5 11. Nc3 cxd4 12. Nd5 Qe6 13. Qxd4 Qe5 14. Qxe5+ Bxe5 15. Bf4 Bxf4 16. gxf4 Na6 17. O-O-O Rb8 18. e4 Be6 19. Nf6+ Ke7 20. e5 Nc5 21. b4 Nd7 22. Ne4 Rh4 23. Nd6 b6 24. Bc6 Rbh8 25. Ne4 Rxh2 26. Rhg1 Re2 27. Ng5 Rhh2 28. Be4 Bf5 29. Bxf5 gxf5 30. Nxf7 Rxc2+ 31. Kb1 Rb2+ 32. Ka1 Rxa2+ 33.
Kb1 Rab2+ 34. Ka1 Rxb4 35. Nd6 Nc5 36. Nc8+ Ke8 37. Nd6+ Kd7 38. Nxf5+ Kc6 39. Nd4+ Kb7 40. e6 Rxd4 41. Rxd4 Nb3+ 42. Kb1 Nxd4 43. f5 Nxf5 44. Rf1 Rh5 45. e7 Nxe7 46. Rf7 Re5 47. Rg7 Re4 0-1

[Event "*** Titled Tuesday Blitz"]
[Site "Chess.com"]
[Date "2020.05.19"]
[Round "6"]
[White "bakki78"]
[Black "Szparu"]
[Result "1-0"]
[WhiteElo "2758"]
[BlackElo "2556"]
[TimeControl "180+1"]
[EndTime "13:10:09 PDT"]
[Termination "bakki78 won by checkmate"]

1. e4 c5 2. c3 Nf6 3. e5 Nd5 4.
Na3 Nc6 5. Nf3 d6 6. exd6 Bg4 7.
h3 Bh5 8. g4 Bg6 9. d4 cxd4 10.
Nxd4 Qxd6 11. Nc4 Qd8 12. Bg2 e6 13. O-O Be7 14. Nxc6 bxc6 15. Ne5 Qc7 16. Qe2 Bd6 17. Re1 O-O 18. c4 Bxe5 19. Qxe5 Qxe5 20. Rxe5 Nb4 21. a3 Nc2 22. Ra2 Rad8 23. Be3 Rd1+ 24. Kh2 Bd3 25. Bxa7 Bxc4 26. b3 Bxb3 27. Rb2 Na1 28.
Bxc6 Rc8 29. Bg2 h6 30. Rc5 Rcd8 31. Rb5 Bd5 32. Bxd5 R8xd5 33. a4 R1d2 34. Kg3 Kh7 35. Rxd5 Rxd5 36. Bb6 Rd6 37. a5 Rd3+ 38. f3 Ra3 39. h4 Nb3 40. h5 Nxa5 41. Rc2 Nb3 42. Rc7 f6 43. Rc3 e5 44. Bf2 Kg8 45. Bc5 Nxc5 46.
Rxa3 Ne6 47. Ra6 Nf4 48. Kf2 Kh7 49. Ke3 Kg8 50. Ke4 Nh3 51. Kf5 Nf4 52. Ra4 Kh7 53.
Ra8 Ng2 54. Ke6 Nf4+ 55. Kf7 Nh3 56. Ra7 Ng5+ 57. Ke7 Nxf3 58. Kf8 Ng5 59. Rxg7+ Kh8 60. Rg6 e4 61. Rxh6+ Nh7+ 62. Kf7 e3 63. Kg6 Kg8 64.
Rxh7 Kf8 65. Kxf6 e2 66. Rh8# 1-0

[Event "*** Titled Tuesday Blitz"]
[Site "Chess.com"]
[Date "2020.05.19"]
[Round "6"]
[White "Machidon"]
[Black "dianosky"]
[Result "0-1"]
[WhiteElo "2536"]
[BlackElo "2394"]
[TimeControl "180+1"]
[EndTime "13:10:09 PDT"]
[Termination "dianosky won by checkmate"]

1. d4 d5 2. Nf3 Nf6 3. c4 dxc4 4. Nc3 a6 5. a4 Nc6 6. a5 Bg4 7. e3 e5 8. d5 Nb4 9. Bxc4 e4 10. h3 Bh5 11. g4 Bg6 12. Nh4 Bd6 13. Nxg6 hxg6 14. g5 Nd7 15. Nxe4 Qe7 16. Nxd6+ Qxd6 17. f4 c6 18. Bd2 Nxd5 19. Qf3 O-O 20. Rd1 Qc5 21. Bxd5 cxd5 22. Bc3 Rfe8 23. Kf2 Re4 24. Rd3 Rae8 25. Rhd1 Nf8 26. h4 Ne6 27. Rxd5 Qc4 28. Re5 Nc5 29. Rxe4 Nxe4+ 30. Kg2 Nxc3 31. bxc3 Qxc3 32. Kf2 Qxa5 33. Rd7 Qa2+ 34. Kg3 b5 35. h5 gxh5 36. g6 fxg6 37. e4 Qe6 38. Rd4 a5 39. e5 b4 40. Rd6 Qf5 41.
Qd5+ Kh7 42. Qb7 h4+ 43. Kf3 Rxe5 44. Rd7 Qh3+ 45. Kf2 Qg3+ 46. Kf1 Re1# 0-1

[Event "*** Titled Tuesday Blitz"]
[Site "Chess.com"]
[Date "2020.05.19"]
[Round "6"]
[White "FeketeBarika"]
[Black "Anna_Ko_Rnd"]
[Result "1-0"]
[WhiteElo "2268"]
[BlackElo "1649"]
[TimeControl "180+1"]
[EndTime "13:10:09 PDT"]
[Termination "FeketeBarika won on time"]

1. Nf3 c5 2. g3 Nc6 3. Bg2 g6 4. O-O Bg7 5. c4 Nf6 6. Nc3 O-O 7. Rb1 Rb8 8. a3 d5 9. cxd5 Nxd5 10. Nxd5 Qxd5 11.
b4 cxb4 12. axb4 b5 13. d3 Qd6 14. Bf4 e5 15. Bd2 f5 16. Ng5 Kh8 17. Qb3 Rb7 18.
Rfc1 Nd4 19. Qd1 Rc7 20. Rxc7 Qxc7 21. Rc1 Qe7 22. Kf1 Bf6 23. Nf3 Bb7 24. Rc5 a6 25.
Nxd4 Bxg2+ 26. Kxg2 exd4 27. Bf4 Re8 28. Kf1 Qb7 29.
f3 Rd8 30. Qc2 Bg7 31. Rc7 Qb6 32. Rc8 Qf6 33. Qc7 Rxc8 34. Qxc8+ Qf8 35. Qxa6 Qxb4 36.
Qc8+ Qf8 37. Qb7 b4 38. h4 h6 39. Kf2 Kh7 40. h5 gxh5 41. Bd2 Kg6 42. Bxb4 Qe8 43. Bd2 Qe6 44. Qc7 Qf6 45. Qd7 h4 46. Bf4 hxg3+ 47.
Bxg3 Qf7 48. Qd6+ Qf6 49. Qxf6+ Bxf6 50. f4 h5 51. Kf3 h4 52. Bh2 Kh5 53. Bg1 1-0

[Event "*** Titled Tuesday Blitz"]
[Site "Chess.com"]
[Date "2020.05.19"]
[Round "6"]
[White "Spartakus1975"]
[Black "gena217"]
[Result "0-1"]
[WhiteElo "2691"]
[BlackElo "2867"]
[TimeControl "180+1"]
[EndTime "13:10:10 PDT"]
[Termination "gena217 won by resignation"]

1. e4 c6 2. d3 d5 3. Nd2 g6 4.
Ngf3 Bg7 5. d4 Nh6 6. Bd3 O-O 7.
O-O Nd7 8. Re1 dxe4 9. Nxe4 Nf5 10. c3 Nf6 11. Nxf6+ exf6 12. Bf4 Be6 13. h3 Re8 14. Qc2 Qd7 15. Re2 b5 16. Rae1 Nd6 17. Nd2 Bf8 18. a3 a5 19. Nb3 Nb7 20. h4 Bd5 21. Nd2 Nd6 22. Bxd6 Bxd6 23. Be4 Be6 24. g3 f5 25. Bg2 Bf8 26. Nf3 f6 27. h5 Bc4 28. Rxe8 Rxe8 29.
Rxe8 Qxe8 30. Qd2 Bd5 31. Nh4 Bxg2 32. Kxg2 Kf7 33. hxg6+ hxg6 34. f3 Qe6 35. Kf2 g5 36. Ng2 Bd6 37. f4 Kg6 38. Qe3 Qe4 39. Qxe4 fxe4 40.
Ke3 Kf5 41. b3 Bxa3 42. fxg5 fxg5 43. g4+ Kxg4 44. Kxe4 Kh3 45. Ne3 g4 46. c4 bxc4 47.
bxc4 a4 48. d5 cxd5+ 49. cxd5 g3 50. Kd3 Bd6 51. Kc4 a3 52. Kb3 g2 53. Nxg2 Kxg2 54. Ka2 Kf3 55. Kb3 Ke4 56. Ka2 Kxd5 57. Kb3 Kd4 58.
Ka2 Kc4 59. Ka1 Kb3 60. Kb1 a2+ 0-1

[Event "*** Titled Tuesday Blitz"]
[Site "Chess.com"]
[Date "2020.05.19"]
[Round "6"]
[White "AttilaTurzo"]
[Black "mshuaau0"]
[Result "1-0"]
[WhiteElo "2482"]
[BlackElo "2246"]
[TimeControl "180+1"]
[EndTime "13:10:10 PDT"]
[Termination "AttilaTurzo won by resignation"]

1. e4 e5 2. Nf3 Nc6 3. d4 exd4 4. Nxd4 Nf6 5. Nxc6 bxc6 6. e5 Qe7 7. Qe2 Nd5 8. c4 Nb6 9. g3 Ba6 10. b3 Qe6 11. Bg2 Bb4+ 12. Bd2 Bxd2+ 13. Nxd2 O-O-O 14. O-O f6 15. Rfe1 Rhe8 16. f4 Kb8 17. Qf2 fxe5 18. Rxe5 Qf6 19. Rae1 Rxe5 20. Rxe5 d6 21. Re1 c5 22.
Qf3 Qd4+ 23. Qf2 Qxf2+ 24. Kxf2 Bb7 25. Ne4 Re8 26. Re2 Nd7 27. g4 h6 28. Nc3 Rxe2+ 29.
Nxe2 Bxg2 30. Kxg2 Nf6 31. Kf3 Kc8 32. g5 hxg5 33. fxg5 Nd7 34. h4 g6 35. Nf4 Ne5+ 36.
Ke4 Kd7 37. h5 gxh5 38. Nxh5 c6 39. Kf5 Ke7 40. g6 a5 41. Nf6 Nxg6 42. Kxg6 Ke6 43.
Ne4 Ke5 44. Nxd6 Kxd6 45. Kf6 Kd7 46. Ke5 Ke7 47. a3 Kd7 48. Kf6 Kd6 49. Kf7 Kd7 50.
a4 Kd6 51. Ke8 Ke5 52. Kd7 Kd4 53. Kxc6 Kc3 54. Kxc5 Kxb3 55. Kb5 Kc3 56. c5 Kb3 57. Kxa5 Kc4 58. Kb6 1-0

[Event "*** Titled Tuesday Blitz"]
[Site "Chess.com"]
[Date "2020.05.19"]
[Round "6"]
[White "dopolian"]
[Black "tan275"]
[Result "0-1"]
[WhiteElo "2341"]
[BlackElo "2207"]
[TimeControl "180+1"]
[EndTime "13:10:10 PDT"]
[Termination "tan275 won on time"]

1. Nf3 d5 2. c4 e6 3. d4 Be7 4. Nc3 Nf6 5. Bf4 O-O 6. e3 c5 7.
dxc5 Bxc5 8. Qc2 Nc6 9. a3 Qa5 10. O-O-O Re8 11. h4 e5 12. Bg5 Ne4 13. Nxe4 dxe4 14.
Nd2 Bf5 15. h5 Rac8 16. Be2 h6 17. g4 Bh7 18. Bh4 b5 19. Nb3 Qb6 20. g5 bxc4 21.
Bxc4 hxg5 22. Bxg5 Na5 23. Nxa5 Qxa5 24. h6 Bxa3 25.
hxg7 Bxb2+ 26. Kxb2 Qb4+ 27. Qb3 Rxc4 28. Qxb4 Rxb4+ 29.
Kc3 Reb8 30. Be7 Rb3+ 31. Kc2 Rb2+ 32. Kc3 R2b3+ 33. Kc4 Rb2 34. Rd8+ Rxd8 35. Bxd8 Kxg7 36. Rg1+ Kf8 37. Bf6 Rxf2 38. Bxe5 Rc2+ 39. Kd5 Bg6 40. Bd4 Rd2 41. Ra1 Kg8 42. Rxa7 Kh7 43. Ra8 Bf5 44. Ke5 Be6 45. Kxe4 Kg6 46. Kf4 Rf2+ 47. Ke4 Rf5 48. Rg8+ Kh7 49. Rg7+ Kh6 50. Rg3 Rh5 51. Rf3 Rh4+ 52. Kd3 Kg5 53. Rf6 Rxd4+ 0-1

[Event "*** Titled Tuesday Blitz"]
[Site "Chess.com"]
[Date "2020.05.19"]
[Round "6"]
[White "Gabrielian_Artur"]
[Black "wonderfultime"]
[Result "0-1"]
[WhiteElo "2718"]
[BlackElo "3001"]
[TimeControl "180+1"]
[EndTime "13:10:11 PDT"]
[Termination "wonderfultime won on time"]

1. e4 c5 2. Nc3 Nc6 3. Bb5 g6 4. Bxc6 bxc6 5. d3 Bg7 6. f4 d6 7. Nf3 Nh6 8. O-O f5 9. Qe1 O-O 10. e5 Nf7 11. Be3 Rb8 12. Rb1 Re8 13. Qg3 Be6 14.
Rfe1 Qa5 15. a3 Qc7 16. Bf2 Qd7 17. h4 Nh6 18. h5 gxh5 19. Ng5 Ng4 20. Qh4 h6 21.
Nxe6 Qxe6 22. Qxh5 Qf7 23. Qxf7+ Kxf7 24. Bg3 h5 25.
Nd1 h4 26. Bxh4 dxe5 27. fxe5 Bxe5 28. Rxe5 Nxe5 29. Bg3 Kf6 30. Nc3 Rg8 31. Bf4 Rg4 32. Rf1 Rbg8 33. Rf2 Ng6 34. Be3 Nh4 35. Ne4+ Kf7 36. g3 Ke8 37. Kf1 fxe4 38. gxh4 exd3 39. cxd3 Rxh4 40. Bxc5 a6 41. Ke2 Rh5 42. d4 Rgh8 43. Kd3 Rh2 44. Rxh2 Rxh2 45. b3 Kd7 46. a4 Rh1 47. Kc4 Ke6 48. Kb4 Rh3 49. Ka5 Rxb3 50.
Kxa6 Kd5 51. Bxe7 Kxd4 52. a5 c5 53. Ka7 c4 54. a6 Kd5 55. Bf6 Kc6 0-1

[Event "*** Titled Tuesday Blitz"]
[Site "Chess.com"]
[Date "2020.05.19"]
[Round "6"]
[White "Megagigahiper3345"]
[Black "SanchezKelvin"]
[Result "1-0"]
[WhiteElo "2626"]
[BlackElo "2475"]
[TimeControl "180+1"]
[EndTime "13:10:11 PDT"]
[Termination "Megagigahiper3345 won by checkmate"]

1. d4 Nf6 2. c4 g6 3. Nc3 Bg7 4. e4 d6 5. Be2 O-O 6. Be3 e5 7. d5 c6 8. g4 cxd5 9. cxd5 Na6 10. h4 Nc5 11. f3 a5 12. h5 Bd7 13. Nh3 a4 14. Nf2 b5 15. Kf1 b4 16. Nb1 Qa5 17.
Kg2 Bb5 18. Nd2 Nfd7 19. hxg6 fxg6 20. Nc4 Bxc4 21. Bxc4 Rf7 22. Rh3 Raf8 23. Qh1 Bh8 24. Qh2 Nb6 25. Be2 Qa7 26. Rh1 Bf6 27. g5 Bd8 28.
Ng4 Rg7 29. Rh6 Rff7 30. Qh4 Nbd7 31. Bb5 Nf8 32. Be8 Re7 33. Nf6+ Kh8 34. Bb5 b3 35. a3 Qa5 36. Be2 Ncd7 37. Rc1 Qa8 38. Bb5 Ref7 39. Ne8 Rg8 40. Nc7 Qb8 41. Bxd7 Rxd7 42. Ne6 Rf7 43.
Nxd8 Qxd8 44. Rc6 Rc7 45. Qh1 Rgg7 46. Qc1 Rxc6 47. dxc6 Rc7 48. f4 exf4 49. Bd4+ Kg8 50. Qc4+ Rf7 51. Qd5 Qc8 52. Kf3 Ne6 53. Bf6 Nc7 54.
Qxd6 Qa8 55. e5 Ne8 56. Qd5 Nc7 57. Qd6 Nb5 58. Qc5 Na7 59. e6 Rc7 60. e7 Rc8 61. Qd5# 1-0

[Event "*** Titled Tuesday Blitz"]
[Site "Chess.com"]
[Date "2020.05.19"]
[Round "6"]
[White "AminMolaei"]
[Black "Onischuk_V"]
[Result "0-1"]
[WhiteElo "2639"]
[BlackElo "2862"]
[TimeControl "180+1"]
[EndTime "13:10:12 PDT"]
[Termination "Onischuk_V won by resignation"]

1. d4 d6 2. c4 e5 3. Nf3 e4 4. Ng5 Nf6 5. Nc3 Qe7 6. Qc2 Bf5 7. f3 Nc6 8. d5 Nb8 9. Ngxe4 Bxe4 10. Nxe4 Nxe4 11.
Qxe4 Qxe4 12. fxe4 Nd7 13. Be3 Be7 14. Bd4 Bf6 15.
e3 Nc5 16. Bxf6 gxf6 17. b4 Nd7 18. Be2 a5 19. b5 b6 20. Rf1 Ke7 21. Kd2 Rag8 22.
g3 h5 23. Rf4 Ne5 24. Raf1 Rh6 25. Rh4 Rg5 26. Rf5 Kf8 27. Kc3 Kg7 28. Rxh5 Rhg6 29.
Rh4 Nd7 30. Kd4 Nc5 31. Rhf4 Nd7 32. g4 Rh6 33. Rf2 Ne5 34. Rg2 Rh3 35. Rgf2 Rg6 36.
Rg2 Rgh6 37. g5 fxg5 38. Rfxg5+ Rg6 39. Rxg6+ fxg6 40. Bg4 Rh8 41. Be6 Rf8 42. h4 Kh6 43. Bg4 Rf1 44. Be2 Ra1 45. Bg4 Rc1 46. Be2 Rc2 47.
h5 gxh5 48. Rh2 Nf3+ 49. Kd3 Nxh2 50. Kxc2 Ng4 51. Kd3 Ne5+ 52. Kd4 Kg5 53. Kc3 h4 54.
Kd2 h3 55. Bf1 h2 56. Bg2 Kg4 57. Kc3 Kg3 58. Bh1 Kf2 59. Kd4 Kg1 0-1

[Event "*** Titled Tuesday Blitz"]
[Site "Chess.com"]
[Date "2020.05.19"]
[Round "6"]
[White "NikolaGry"]
[Black "penguingm1"]
[Result "1-0"]
[WhiteElo "2630"]
[BlackElo "2857"]
[TimeControl "180+1"]
[EndTime "13:10:12 PDT"]
[Termination "NikolaGry won on time"]

1. b3 d5 2. Bb2 c5 3. Nf3 Nc6 4. e3 Nf6 5. Bb5 Qb6 6. Qe2 g6 7. Bxf6 exf6 8. Nc3 Be6 9. e4 dxe4 10. Qxe4 O-O-O 11. Bxc6 bxc6 12. O-O Bd6 13. a4 g5 14. a5 Qc7 15. g3 h5 16. d4 g4 17. Nh4 cxd4 18.
Ne2 Be5 19. Rfd1 Rd5 20. Rd3 Rhd8 21. b4 Rb5 22. Nxd4 Rxb4 23. c3 Rc4 24. Nhf5 Rd5 25. Ne3 f5 26. Nexf5 c5 27. Ne3 cxd4 28. Nxd5 Qd6 29.
cxd4 Bg7 30. Ne3 Rc7 31. Rb1 Kd8 32. d5 Bd7 33. Re1 Bf6 34. Qh7 Be8 35. Qxh5 Qb4 36.
Rf1 Bd7 37. Qh7 Ke7 38. Qg8 Rc5 39. Nf5+ Bxf5 40. Re3+ Kd6 41. Qxf7 Qd4 42. Qe8 Kxd5 43. Qf7+ Kd6 44. Rfe1 Rd5 45. Re6+ Bxe6 46. Qxe6+ Kc5 47.
Rc1+ Kb4 48. Qc6 Qd3 49. Qb7+ Ka4 50. Qc6+ Kb3 51. Qxf6 Qd2 52. Ra1 Kb4 53. Qc6 a6 54.
Qa4+ Kc5 55. Qa3+ Kc6 56. Rc1+ Kd7 57. Qc3 Qe2 58. Qc6+ Ke7 59. Qxd5 1-0

[Event "*** Titled Tuesday Blitz"]
[Site "Chess.com"]
[Date "2020.05.19"]
[Round "6"]
[White "GMALMEIDA"]
[Black "Mitronych"]
[Result "1/2-1/2"]
[WhiteElo "2673"]
[BlackElo "2469"]
[TimeControl "180+1"]
[EndTime "13:10:12 PDT"]
[Termination "Game drawn - insufficient material"]

1. d4 Nf6 2. c4 c5 3. d5 e6 4. Nc3 exd5 5. cxd5 d6 6. e4 g6 7. h3 Bg7 8. Nf3 a6 9. a4 Nbd7 10. Bf4 O-O 11. Bd3 Qe7 12. O-O Ne8 13. Re1 Ne5 14.
Nxe5 Bxe5 15. Qd2 Bd7 16. a5 Nc7 17. Bf1 Nb5 18. Bxe5 Qxe5 19. Bxb5 axb5 20. f4 Qd4+ 21. Qxd4 cxd4 22. Ne2 d3 23. Nd4 Rfc8 24. Rad1 Rxa5 25.
Rxd3 Ra4 26. e5 Rcc4 27. e6 Be8 28. exf7+ Bxf7 29. Nxb5 Ra6 30. Re7 Rb6 31. Nc3 Kf8 32. Re4 Rxe4 33. Nxe4 Ke7 34. b3 Rb4 35. Re3 h6 36. g3 Rd4 37. Nc3+ Kd7 38. Kf2 Bxd5 39. Nxd5 Rxd5 40. Kf3 b5 41. g4 b4 42. Ke2 Kc6 43.
Re4 Kc5 44. Ke3 Rd1 45. Rc4+ Kb5 46. Rd4 Rh1 47. Rxd6 Rxh3+ 48. Ke4 Rxb3 49. Rxg6 Rg3 50. Kf5 b3 51. Rxh6 Rg1 52. Rh8 Kc4 53. Rb8 Kc3 54. g5 b2 55. Kg6 b1=Q+ 56. Rxb1 Rxb1 57. f5 Kd4 58. f6 Ke5 59. f7 Rf1 60. Kg7 Ke6 61. g6 Ke7 62. Kg8 Rf6 63. g7 Rxf7 64.
Kh8 Rf1 65. g8=Q Rh1+ 66. Qh7+ Rxh7+ 67. Kxh7 1/2-1/2

[Event "*** Titled Tuesday Blitz"]
[Site "Chess.com"]
[Date "2020.05.19"]
[Round "6"]
[White "UCantHandleDenker"]
[Black "rynos0411"]
[Result "0-1"]
[WhiteElo "2547"]
[BlackElo "2352"]
[TimeControl "180+1"]
[EndTime "13:10:12 PDT"]
[Termination "rynos0411 won by checkmate"]

1. Nf3 Nf6 2. c4 e6 3. g3 d5 4. b3 Be7 5. Bg2 O-O 6. O-O a5 7. Bb2 a4 8. Na3 c6 9. d3 Nbd7 10. Nc2 b5 11. cxb5 cxb5 12. b4 Bb7 13. a3 Rc8 14.
Rc1 Qb6 15. Qd2 Rc7 16. Bd4 Qd6 17. Ne3 Rfc8 18. Rxc7 Rxc7 19. Qb2 Ne8 20. Bh3 Bf6 21. Bxf6 Nexf6 22. Rc1 h6 23. Nd4 Rxc1+ 24. Qxc1 Qb6 25. Qb2 e5 26. Ndf5 d4 27. Nd1 Nf8 28. Bg2 Bxg2 29.
Kxg2 Qe6 30. Nh4 N8d7 31. Nf3 g5 32. e3 Qd5 33. e4 Qe6 34. Qc2 Ne8 35. h3 Nd6 36.
Nd2 f5 37. f3 h5 38. Nf2 Kf7 39. Qc6 Ke7 40. Qc7 f4 41. Nf1 Qa2 42. h4 gxh4 43.
gxf4 exf4 44. e5 Nf5 45. Qc6 Ne3+ 46. Kg1 Qg8+ 47. Ng4 hxg4 48. Qd6+ Ke8 49. e6 gxf3+ 50. Ng3 Qxg3+ 51. Kh1 Qg2# 0-1

[Event "*** Titled Tuesday Blitz"]
[Site "Chess.com"]
[Date "2020.05.19"]
[Round "6"]
[White "PetrolulSah"]
[Black "sopo-tereladze"]
[Result "1-0"]
[WhiteElo "2190"]
[BlackElo "2313"]
[TimeControl "180+1"]
[EndTime "13:10:12 PDT"]
[Termination "PetrolulSah won by resignation"]

1. d4 Nf6 2. c4 e6 3. g3 Bb4+ 4. Bd2 Qe7 5. Bg2 Bxd2+ 6. Qxd2 d6 7. Nc3 Nc6 8. e4 e5 9. d5 Nd4 10. Nge2 Nxe2 11. Nxe2 h5 12. h4 Bg4 13. O-O Qd7 14.
f3 Bh3 15. Nc3 O-O 16. Bxh3 Qxh3 17. Qg2 Qxg2+ 18. Kxg2 a6 19. b4 Nd7 20. g4 g6 21.
Kh3 Kh7 22. gxh5 gxh5 23. Rg1 Rg8 24. Rg5 Rxg5 25. hxg5 f6 26. Kh4 Rg8 27. Rg1 fxg5+ 28. Rxg5 Nf6 29. Rxg8 Kxg8 30. Kg5 Kf7 31. c5 Ke7 32.
cxd6+ cxd6 33. Ne2 b5 34. Ng3 Nd7 35. Nf5+ Kd8 36.
Nxd6 Nb6 37. Nb7+ Kc7 38. Nc5 Nc4 39. Nxa6+ Kb6 40. Nc5 Nd2 41. Nd7+ Kc7 42. Nxe5 Kd6 43. Nf7+ Ke7 44. Ne5 Kd6 45. Nd3 Nxf3+ 46. Kxh5 Nd2 47. Nc5 Nb1 48. Kg5 Ke5 49. Nd3+ Kd6 50. Kf5 Nc3 51. a3 Nb1 52. Nf4 Nxa3 53. e5+ Kd7 54.
e6+ Kd6 55. Kf6 Nc4 56. e7 Kd7 57. Kf7 Nd6+ 58. Kf8 Ne8 59. Ne6 Nf6 60. Nc5+ Kd6 61. e8=Q Nxe8 62. Kxe8 Kxd5 63. Kd7 Kc4 64. Na6 Kd5 65. Kc7 1-0

[Event "*** Titled Tuesday Blitz"]
[Site "Chess.com"]
[Date "2020.05.19"]
[Round "6"]
[White "GjakanTati"]
[Black "bsnsun"]
[Result "1-0"]
[WhiteElo "2629"]
[BlackElo "2478"]
[TimeControl "180+1"]
[EndTime "13:10:13 PDT"]
[Termination "GjakanTati won on time"]

1. d4 Nf6 2. c4 e6 3. Nf3 d5 4. Nc3 dxc4 5. e4 Bb4 6. e5 Nd5 7. Bd2 Bxc3 8. bxc3 b5 9. a4 c6 10. Ng5 h6 11. Ne4 O-O 12. h4 Nd7 13. Be2 c5 14.
axb5 cxd4 15. cxd4 Qb6 16. Ba5 Qxb5 17. Nd6 Qc6 18.
Bxc4 Nf4 19. Qg4 Qxg2 20. Rg1 Qxg4 21. Rxg4 Nd5 22. h5 N7b6 23. Bb5 Bd7 24. Ba6 f6 25.
Ke2 fxe5 26. dxe5 Nf4+ 27. Ke3 Nbd5+ 28. Kd4 Nxh5 29. Rh1 Rf4+ 30. Rxf4 Nhxf4 31. Bb7 Rf8 32. Bd2 Ne2+ 33. Kd3 Nef4+ 34. Ke4 Ng6 35. Rg1 Kh7 36.
f3 Nge7 37. Ra1 Nc6 38. Ra6 Nd8 39. Rxa7 Bc6 40. Bxc6 Nxc6 41. Ra6 Nd8 42. Nb5 g5 43. Nd4 Nc7 44. Ra7 Rf7 45. Ba5 Nd5 46. Rxf7+ Nxf7 47. Nxe6 Ne7 48. Bb4 Nc6 49. Bc3 Kg6 50. Nf8+ Kg7 51.
Nd7 Kg8 52. e6 Nfd8 53. Kf5 Nxe6 54. Kxe6 Kh7 55. Kf5 1-0

[Event "*** Titled Tuesday Blitz"]
[Site "Chess.com"]
[Date "2020.05.19"]
[Round "6"]
[White "Leonid_Starozhilov"]
[Black "manmanlai1"]
[Result "1-0"]
[WhiteElo "2637"]
[BlackElo "2353"]
[TimeControl "180+1"]
[EndTime "13:10:13 PDT"]
[Termination "Leonid_Starozhilov won by resignation"]

1. b3 e5 2. Bb2 Nc6 3. e3 Nf6 4. Bb5 Bd6 5. Ne2 O-O 6. Bxc6 dxc6 7. Nbc3 Re8 8. e4 c5 9. d3 Nd7 10. Ng3 Nb8 11. Nce2 Nc6 12. O-O Nd4 13. Bc1 f6 14. Nxd4 cxd4 15. f4 c5 16. fxe5 Bxe5 17. Bf4 Qd6 18. Qd2 Bd7 19. Rf2 b5 20. Raf1 a5 21. Nh5 Ra6 22. Bxe5 Rxe5 23. Nf4 a4 24. h3 axb3 25. axb3 Be6 26. Qe2 Ra2 27. Nh5 Qe7 28. Qf3 Bf7 29. Nf4 c4 30. bxc4 bxc4 31. Qg3 cxd3 32.
cxd3 Rxf2 33. Rxf2 h6 34. h4 f5 35. exf5 Rxf5 36. Qg4 Rf6 37. Kh2 Qe5 38. Qg3 Kh7 39. Rf3 Be8 40. Nh3 Qe6 41. Rxf6 Qxf6 42. Nf4 Bc6 43. h5 Kg8 44. Qg4 Kh7 45. Ng6 Bd5 46. Nf4 Qe5 47. Qg6+ Kg8 48. Qg3 Kh7 49. Kg1 Qe3+ 50. Qxe3 dxe3 51. Nxd5 e2 52. Kf2 g6 53. hxg6+ Kxg6 54. Kxe2 Kg5 55. Kf3 Kf5 56. Ne3+ Ke5 57. Ng4+ Kd4 58. Nxh6 Kxd3 59. Kf4 Kd4 60. Kf5 Kd5 61.
Kf6 Kd6 62. g4 Kd7 63. Kf7 1-0

[Event "*** Titled Tuesday Blitz"]
[Site "Chess.com"]
[Date "2020.05.19"]
[Round "6"]
[White "davidkalashian"]
[Black "Rsnr"]
[Result "1/2-1/2"]
[WhiteElo "2614"]
[BlackElo "2830"]
[TimeControl "180+1"]
[EndTime "13:10:14 PDT"]
[Termination "Game drawn - insufficient material"]

1. e4 c6 2. d4 d5 3. Nc3 dxe4 4. Nxe4 Bf5 5. Ng3 Bg6 6. h4 h6 7. Nf3 e6 8. h5 Bh7 9. Bd3 Bxd3 10. Qxd3 Nf6 11. Bf4 c5 12. O-O-O Nc6 13. Rhe1 cxd4 14.
Nxd4 Qxd4 15. Qxd4 Nxd4 16. Rxd4 Bc5 17. Rd2 Rd8 18.
Rxd8+ Kxd8 19. Be3 Bd6 20. Bxa7 Bxg3 21. fxg3 Nxh5 22.
Bf2 Nf6 23. Bd4 Ke7 24. a4 Ra8 25. b3 h5 26. Kb2 Ng4 27. c4 f6 28. Rd1 e5 29.
Bc5+ Ke8 30. Rd6 Rc8 31. b4 Nh6 32. Rb6 Rc7 33. a5 Nf5 34. Kb3 Kd7 35. Bf2 e4 36. b5 e3 37. Be1 Nd6 38. a6 bxa6 39. bxa6 Nxc4 40. Rb7 Nd6 41. Rxc7+ Kxc7 42. Kc3 Kb6 43.
Kd4 Nf5+ 44. Ke4 g6 45. Bc3 Nxg3+ 46. Kxe3 f5 47. Be1 Ne4 48. Kd4 Kxa6 49. Ke5 Kb5 50.
Ke6 f4 51. Kf7 g5 52. Kg6 Kc4 53. Kxh5 Kd5 54. Kg4 Ke5 55. g3 Nd6 56. gxf4+ gxf4 57.
Bd2 f3 58. Kxf3 1/2-1/2